 Seeded DCSS version 0.27-a0-679-g77a6b55cf3 (webtiles) character file.

Game seed: 19781204 (custom seed)

101 Snicker the Sneak (level 4, -1/33 HPs)
             Began as a Demonspawn Brigand on Mar 18, 2021.
             Slain by a gnoll
             ... wielding a +0 halberd
              (16 damage)
             ... on level 2 of the Dungeon.
             The game lasted 00:03:49 (2111 turns).

Snicker the Sneak (Demonspawn Brigand)              Turns: 2111, Time: 00:03:50

Health: -1/33      AC:  4    Str: 11    XL:     4   Next: 48%
Magic:  4/4        EV: 11    Int: 13    God:
Gold:   37         SH:  0    Dex: 15    Spells: 3/3 levels left

rFire    . . .     SeeInvis .   b - +1 whip (elec)
rCold    . . .     Faith    .   (no shield)
rNeg     . . .     Spirit   .   l - +0 robe
rPois    .         Reflect  .   (no helmet)
rElec    .         Harm     .   c - +0 cloak
rCorr    .         Rampage  .   h - +0 pair of gloves
Will     .....                  (no boots)
Stlth    +++.......             k - amulet of regeneration
HPRegen  1.11/turn              (no ring)
MPRegen  0.09/turn              (no ring)

@: no status effects
A: claws 1
a: no special abilities


You were on level 2 of the Dungeon.
You visited 1 branch of the dungeon, and saw 2 of its levels.

You collected 37 gold pieces.

Inventory:

Hand Weapons
 a - a +2 dagger
 b - a +1 whip of electrocution (weapon)
Missiles
 d - 8 poisoned darts
 e - a curare-tipped dart (quivered)
Armour
 c - a +0 cloak (worn)
 h - a +0 pair of gloves (worn)
 l - a +0 robe (worn)
Jewellery
 k - an amulet of regeneration (around neck)
Scrolls
 g - 4 scrolls of identify {unknown}
 j - 2 scrolls of teleportation {unknown}
Potions
 f - a potion of flight {unknown}
 i - a potion of heal wounds {unknown}


   Skills:
 + Level 2.2 Fighting
 * Level 2.8 Short Blades
 * Level 0.7 Maces & Flails
 + Level 1.8 Throwing
 + Level 1.0 Dodging
 * Level 4.7 Stealth


You had 3 spell levels left.
You didn't know any spells.
Your spell library was empty.

Dungeon Overview and Level Annotations

Branches:
Dungeon (2/15)

Altars:
Makhleb
Xom

Shops:
D:2 *


Innate Abilities, Weirdness & Mutations

You have sharp fingernails.


Message History

The dart slug launches a dart at you. The slug dart misses you.
You hit the dart slug.
The dart slug is almost dead.
The dart slug launches a dart at you. The slug dart hits you.
You hit the dart slug.
You kill the dart slug!
You hit the rat.
The rat is severely wounded.
The rat closely misses you. The kobold barely misses you.
You hit the rat.
You kill the rat!
The kobold barely misses you.
The gnoll splashes around in the water.
There is a fountain of clear blue water here.
Things that are here:
a rat corpse; a dart slug corpse You hit the kobold.
The kobold is moderately wounded.
The kobold hits you with a +0 trident.
The gnoll splashes around in the water.
You hit the kobold.
The kobold is heavily wounded.
The kobold closely misses you. The gnoll barely misses you.
You hear the crackle of electricity.
b - a +1 whip of electrocution (weapon)
The kobold hits you with a +0 trident! The gnoll closely misses you.
You completely miss the kobold.
The kobold is heavily wounded.
The kobold hits you with a +0 trident. The gnoll barely misses you.
You hit the kobold. Lightning courses through the kobold!
You kill the kobold!
The gnoll splashes around in the water.
You hit the gnoll. Lightning courses through the gnoll!
You kill the gnoll!
The gnoll hits you from afar with a +0 halberd!
The giant cockroach closely misses you. The gnoll barely misses you.
Found a shimmering altar of Xom.
Items here: ( )) †.
The gnoll hits you with a +0 halberd!
You die...

# #.# ##.≈≈##
#.#####.# ##
##^_≈.^## #wr...#.#
..#≈......#.#.....#.#
.#≈#_#_^.#..w^h.<...
#.⌠..._.^≈⌠..######g#
#.#≈≈...≈.# ..#
#.#≈≈≈..#.#
#.##@g.._# #.###B#.##
##### #.# ##†## .....
#.####)# ######
#†.♣...## .....#
#♣.∩.♣..# ####.#
#.#♣###†#
#.########.# ..#
#..........# #.#


You could see a gnoll and a giant cockroach.

Vanquished Creatures
  2 gnolls (D:2)
  An adder (D:2)
  2 oozes
  A worm (D:2)
  4 dart slugs
  A leopard gecko (D:1)
  A ball python (D:1)
  3 bats
  A giant cockroach (D:1)
  7 goblins
  7 hobgoblins
  7 jackals
  A quokka (D:1)
  4 frilled lizards
  5 kobolds
  5 rats
52 creatures vanquished.

Notes
Turn   | Place    | Note
-------+----------+-------------------------------------------
     0 | D:1      | Snicker the Demonspawn Brigand began the quest for the Orb.
     0 | D:1      | Reached XP level 1. HP: 16/16 MP: 1/1
   274 | D:1      | Gained mutation: You have sharp fingernails. [demonic
                  | ancestry]
   274 | D:1      | Reached XP level 2. HP: 16/22 MP: 2/2
   438 | D:1      | Reached skill level 4 in Stealth
  1021 | D:1      | Reached XP level 3. HP: 18/27 MP: 3/3
  1966 | D:2      | Reached skill level 1 in Dodging
  1972 | D:2      | Found a burning altar of Makhleb.
  2014 | D:2      | Reached XP level 4. HP: 24/33 MP: 4/4
  2074 | D:2      | Found Jaisie's General Store.
  2084 | D:2      | Found a shimmering altar of Xom.
  2084 | D:2      | Found a shimmering altar of Xom.
  2094 | D:2      | Found a shimmering altar of Xom.
  2094 | D:2      | Found a shimmering altar of Xom.
  2094 | D:2      | Found a shimmering altar of Xom.
  2110 | D:2      | Found a shimmering altar of Xom.
  2111 | D:2      | Slain by a gnoll

Illustrated notes

Levels and vault maps discovered:
D:1:      sevenhm_arrival_forest_fort_large_2, layout_basic
D:2:      layout_basic, bloody_makhleb, xom_redecorated, serial_shops,
          nicolae_shop_trees, uniq_natasha

Skill      XL: |  1  2  3 |
---------------+----------+-----
Short Blades   | 2 |  2.8
Stealth        | 4 |  4.7
Dodging        | 1 |  1.0
Fighting       | |  2.2
Maces & Flails | |  0.7
Throwing       | |  1.8

Action                   |  1- 3 |  4- 6 || total
-------------------------+-------+-------++-------
Melee: Dagger            |    74 |    23 ||    97
       Whip              |    24 |     3 ||    27
Throw: Dart              |     1 |       ||     1
 Stab: Sleeping          |    10 |     3 ||    13
       Distracted        |       |     1 ||     1
Armor: Robe              |    33 |     3 ||    36
Dodge: Dodged            |    70 |    15 ||    85

Table legend: (Time is in decaauts)
 A = Elapsed time spent in this place.
 B = Non-inter-level travel time spent in this place.
 C = Inter-level travel time spent in this place.
 D = Time resting spent in this place.
 E = Time spent auto-exploring this place.
 F = Levels seen in this place.
 G = Mean time per level.
                   A        B        C        D        E       F      G
               +--------+--------+--------+--------+--------+-----+--------+
         Total |   2100 |   1943 |    157 |    110 |   1426 |   2 | 1050.0 |
       Dungeon |   2100 |   1943 |    157 |    110 |   1426 |   2 | 1050.0 |
               +--------+--------+--------+--------+--------+-----+--------+

Top non-repeatable levels by time:
     D:1: 1885 daAuts
     D:2: 214 daAuts
